 Dungeon Crawl Stone Soup version 0.24-a0-249-g2af7e837d0 (webtiles) character file.

Game seed: 11279273713044529916

14 Redear the Charmwright (level 2, -1/23 HPs)
             Began as a Demonspawn Skald on Apr 13, 2019.
             Slain by a jackal (2 damage)
             ... on level 1 of the Dungeon.
             The game lasted 00:00:51 (107 turns).

Redear the Charmwright (Demonspawn Skald)            Turns: 107, Time: 00:00:52

Health: -1/23      AC:  3    Str: 11    XL:     2   Next: 31%
Magic:  0/5        EV: 12    Int: 14    God:
Gold:   14         SH:  0    Dex: 12    Spells: 4/5 levels left

rFire    . . .     SeeInvis .   a - +0 falchion
rCold    . . .     Gourm    .   (no shield)
rNeg     . . .     Faith    .   b - +0 leather armour
rPois    .         Spirit   .   (no helmet)
rElec    .         Reflect  .   (no cloak)
rCorr    .         Harm     .   (no gloves)
MR       .....                  (no boots)
Stlth    +.........             (no amulet)
HPRegen  0.07/turn              (no ring)
MPRegen  0.09/turn              (no ring)

@: infused (expiring)
A: rot immunity
a: no special abilities


You were on level 1 of the Dungeon.
You were not hungry.

You visited 1 branch of the dungeon, and saw 1 of its levels.

You collected 14 gold pieces.

Inventory:

Hand Weapons
 a - a +0 falchion (weapon)
Armour
 b - a +0 leather armour (worn)
Comestibles
 c - 2 chunks of flesh
 z - a ration


   Skills:
 + Level 2.3 Fighting
 + Level 2.1 Long Blades
 - Level 0.8 Armour
 + Level 2.1 Dodging
 - Level 2.0 Spellcasting
 - Level 2.6 Charms


You had 4 spell levels left.
You knew the following spells:

 Your Spells              Type           Power        Failure   Level  Hunger
z - Infusion              Chrm           #...         11%         1    ##.....

Your spell library contained the following spells:

 Spells                   Type           Power        Failure   Level  Hunger
 Song of Slaying          Chrm           #.......     16%         2    ###....
 Shroud of Golubria       Chrm/Tloc      #.........   26%         2    ###....
 Regeneration             Chrm/Necr      #.........   47%         3    ####...
 Spectral Weapon          Hex/Chrm       #.......     47%         3    ####...


Dungeon Overview and Level Annotations

Branches:
Dungeon (1/15)

Altars:


Innate Abilities, Weirdness & Mutations

You are immune to rotting.


Message History

The jackal misses you.
You hit the jackal!
You kill the jackal!
Your magical infusion is running out.
The jackal bites you but does no damage.
You now have 1/5 mp.
You closely miss the jackal.
The jackal bites you but does no damage.
The jackal misses you.
You riposte.
You hit the jackal!
You kill the jackal!
You now have 0/5 mp.
Unknown command.
The jackal bites you but does no damage.
You hit the jackal but do no damage.
The jackal is heavily wounded.
The jackal barely misses you.
You miss the jackal.
The jackal is moderately wounded.
The jackal bites you.
You die...

..... ...... ##...
.....#### (#.... #........
?#.... #.......# #
#....###..# #..#.#
.........# #..#.#
#.†.#.###...#.# ######
#.†....##..# .###.....
...#..#...h@.## ##...$#
#........##..###..##.#
...##...#.###...#)#....##
................#.#####..#
#...##...#.#############.#
# . ....$..# ###......##
#######.# ##..####### #.#
##.### #.###.##


You could see a jackal.

Vanquished Creatures
  A bat (D:1)
  A goblin (D:1)
  A hobgoblin (D:1)
  7 jackals (D:1)
  A frilled lizard (D:1)
11 creatures vanquished.

Notes
Turn   | Place    | Note
-------+----------+-------------------------------------------
     0 | D:1      | Redear the Demonspawn Skald began the quest for the Orb.
     0 | D:1      | Reached XP level 1. HP: 16/16 MP: 3/3
    69 | D:1      | Reached skill level 2 in Long Blades
    69 | D:1      | Reached skill level 2 in Dodging
    75 | D:1      | Gained mutation: You are immune to rotting. [demonic
                  | ancestry]
    75 | D:1      | Reached XP level 2. HP: 13/22 MP: 0/5
    91 | D:1      | HP: 2/23 [jackal (2)]
    99 | D:1      | HP: 2/23 [jackal (1)]
   107 | D:1      | Slain by a jackal

Levels and vault maps discovered:
D:1:      dpeg_arrival_solitude, layout_loops_ring, due_unseen_surprise

Skill      XL: |  1 |
---------------+----+-----
Long Blades    | 2 |  2.1
Dodging        | 2 |  2.1
Fighting       | |  2.3
Armour         | |  0.8
Spellcasting   | |  2.0
Charms         | |  2.6

Action                   || total
-------------------------++-------
Melee: Falchion          ||    31
 Cast: Infusion          ||     2
Armor: Leather armour    ||     9
Dodge: Dodged            ||    38
       Rpst.: Falchion   ||    16

Table legend:
 A = Non-vault XP
 B = Vault XP
 C = Vault XP percentage of total XP
 D = Non-vault monster count
 E = Vault monster count
 F = Vault count percentage of total count
                 A         B        C        D         E       F
            +---------+---------+-------+---------+---------+-------
      Total |      21 |       0 |   0.0 |      11 |       0 |   0.0
            +---------+---------+-------+---------+---------+-------
        D:1 |      21 |       0 |   0.0 |      11 |       0 |   0.0
            +---------+---------+-------+---------+---------+-------
